 Dungeon Crawl Stone Soup version 0.30-b1-2-g02819fbbbe (webtiles) character file.

Game seed: 16258288174032261732

17953 raph the Covert (level 12, 0/73 HPs)
             Began as a Kobold Brigand on Jan 9, 2024.
             Was an Elder of Dithmenos.
             Killed by divine providence
             ... invoked by a meliai
              (11 damage)
             ... in a Gauntlet.
             The game lasted 00:29:07 (14525 turns).

raph the Covert (Kobold Brigand)                   Turns: 14525, Time: 00:29:07

Health: 0/73       AC: 22    Str:  8    XL:     12   Next: 89%
Magic:  21/21      EV: 22    Int: 17    God:    Dithmenos [****..]
Gold:   749        SH:  0    Dex: 24    Spells: 13/23 levels left

rFire   + + .        a - +3 dagger (elec)
rCold   + . .        (no shield)
rNeg    . . .        G - +1 steam dragon scales
rPois   +            o - +2 helmet
rElec   +            c - +2 cloak
rCorr   +            E - +2 pair of gloves
SInv    .            z - +2 pair of boots
Will    .....        j - amulet of faith Stlth *+++++++++
                     F - ring "Heduz" {rElec rF+ Int+4 Dex+3}
HPRegen 0.32/turn    s - +4 ring of protection
MPRegen 0.17/turn

%: no teleportation, faith
@: resistant, wreathed by umbra
A: small, no large weapons, nightstalker 3
a: Renounce Religion, Shadow Step


You were in a Gauntlet.
You worshipped Dithmenos.
Dithmenos was greatly pleased with you.
You visited 2 branches of the dungeon, and saw 11 of its levels.
You also visited: Gauntlet.

You collected 749 gold pieces.

Inventory:

Hand Weapons
 a - a +3 dagger of electrocution (weapon)
 b - the +4 falchion of the Dungeon {protect, rC+ Str+2}
   (You found it on level 3 of the Dungeon)

   Str:       It affects your strength (+2).
   rC:        It protects you from cold.
 i - a +1 dagger of venom
 S - a +2 dagger of holy wrath
Missiles
 d - 10 poisoned darts (quivered)
 C - 4 curare-tipped darts
 I - a throwing net
 K - 6 datura-tipped darts
Armour
 c - a +2 cloak (worn)
 o - a +2 helmet (worn)
 z - a +2 pair of boots (worn)
 E - a +2 pair of gloves (worn)
 G - +1 steam dragon scales (worn)
Jewellery
 e - a ring of willpower
 j - an amulet of faith (around neck)
 k - a ring of wizardry
 s - a +4 ring of protection (right hand)
 A - a ring of flight
 F - the ring "Heduz" (left hand) {rElec rF+ Int+4 Dex+3}
   (You acquired it on level 8 of the Dungeon)

   [ring of protection from fire]

   Int:       It affects your intelligence (+4).
   Dex:       It affects your dexterity (+3).
   rF:        It protects you from fire.
   rElec:     It insulates you from electricity.
 J - a ring of positive energy
Wands
 y - a wand of acid (7)
 L - a wand of mindburst (7)
 N - a wand of flame (6)
 R - a wand of paralysis (7)
 T - a wand of polymorph (6)
Scrolls
 h - a scroll of torment
 p - 5 scrolls of teleportation
 t - a scroll of brand weapon
 M - 4 scrolls of identify
 P - a scroll of fear
Potions
 f - 4 potions of brilliance
 g - 4 potions of curing
 l - 2 potions of heal wounds
 m - 2 potions of lignification
 n - a potion of berserk rage
 q - a potion of mutation
 w - a potion of resistance
 D - a potion of magic
 O - 2 potions of flight


   Skills:
 + Level 8.0 Fighting
 * Level 12.1 Short Blades
 - Level 3.9 Throwing
 + Level 8.4 Dodging
 * Level 14.8 Stealth
 + Level 6.2 Spellcasting
 * Level 3.6 Hexes
 + Level 6.2 Summonings
 + Level 5.7 Invocations
 + Level 1.4 Evocations


You had 13 spell levels left.
You knew the following spells:

 Your Spells              Type           Power      Damage    Failure   Level
a - Summon Small Mammal   Summ           100%       N/A       1%          1
b - Call Canine Familiar  Summ           26%        N/A       3%          3
c - Summon Guardian Gole  Hex/Summ       22%        N/A       4%          3
d - Confusing Touch       Hex            17%        N/A       9%          3

Your spell library contained the following spells:

 Spells                   Type           Power      Damage    Failure   Level
 Slow                     Hex            68%        N/A       2%          1
 Apportation              Tloc           10%        N/A       13%         1
 Sting                    Tmut/Pois      20%        1d4       13%         1
 Poisonous Vapours        Pois/Air       10%        N/A       19%         2
 Portal Projectile        Hex/Tloc       22%        N/A       19%         3
 Vampiric Draining        Necr           5%         2d6       36%         3
 Leda's Liquefaction      Hex/Erth       5%         N/A       52%         4
 Olgreb's Toxic Radiance  Pois           5%         N/A       77%         4
 Alistair's Intoxication  Tmut/Pois      3%         N/A       98%         5
 Discord                  Hex            8%         N/A       100%        8
 Ignition                 Fire           2%         3d3       100%        8


Dungeon Overview and Level Annotations

Branches:
Dungeon (8/15)             Temple (0/1) D:5            Lair (3/5) D:8
  Snake (0/4) Lair:2      Gauntlet (1/1)
  Swamp: Lair:2-3    Shoals: Lair:2-3

Altars:
Dithmenos
Elyvilon
Kikubaaqudgha
Nemelex Xobeh
Okawaru
Qazlal
Sif Muna
Xom
The Shining One

Annotations:
Gauntlet 12 transporters, exclusion: orange crystal statue


Innate Abilities, Weirdness & Mutations

You are small and have problems with some larger weapons.
You are completely attuned to the shadows.


Message History

* * * LOW HITPOINT WARNING * * *
The meliai barely misses you.
A magic seal in the Gauntlet prevents long-range teleports.
You feel protected. The meliai completely misses you.
The meliai barely misses you. The meliai misses you.
The meliai barely misses you. The meliai hits you but does no damage.
The meliai misses you. x2
The meliai stings you but does no damage.
You feel much better. The meliai hits you with a +0 war axe!
The meliai misses you. The meliai barely misses you.
The meliai stings you but does no damage.
The meliai closely misses you.
The meliai stings you but does no damage.
The meliai hits you but does no damage. The meliai closely misses you.
Okay, then.
Okay, then.
The meliai attacks as you move away! The meliai misses you.
The meliai closely misses you. x2; The meliai misses you.
The meliai hits you with a +0 hand axe!
* * * LOW HITPOINT WARNING * * *
The meliai misses you. The meliai hits you with a +0 war axe.
* * * LOW HITPOINT WARNING * * *
The meliai barely misses you. The meliai attacks as you move away!
The meliai closely misses you. The meliai completely misses you. x2
The meliai stings you but does no damage.
The meliai hits you with a +0 hand axe.
* * * LOW HITPOINT WARNING * * *
The meliai completely misses you. x2; The meliai closely misses you.
The meliai closely misses you. The meliai misses you.
Aiming: Corrosive Bolt
Press: ? - help, Shift-Dir - straight line, f - meliai
Aim: a meliai, wielding a +0 hand axe and wearing a +0 robe (umbra, 57% to hit)
The bolt of acid hits the meliai!!
The acid corrodes the meliai!
The meliai is almost dead.
The bolt of acid misses the meliai.
The meliai barely misses you. The meliai completely misses you.
The meliai mumbles some strange prayers to its god against you.
Something smites you!
You die...

+# # ... .# ##.###.# .......# #@#
.###y##### ....y...≈#
####8..©.©.©.©.©.©..8#### ### ###
#8##§...............≈##8# #8# #8#
#################################
...........≈∩≈...................
.................................
.###########.###########.########


You could see 2 meliai.

Vanquished Creatures
  A two-headed ogre (D:8)
  Sonja (Lair:2)
  A cyclops (D:7)
  6 elephants
  3 cane toads
  Maggie (D:6)
  A komodo dragon (Lair:3)
  A troll (D:8)
  A polar bear (Lair:3)
  4 blink frogs
  A raiju (Gauntlet)
  31 yaks
  2 wyverns (D:8)
  A wraith (D:8)
  2 basilisks
  Grum (Lair:1)
  A steam dragon (D:7)
  3 nagas (Lair:2)
  Duvessa (D:4)
  6 water moccasins
  5 black bears
  2 sky beasts
  7 wolves
  A phantom (D:5)
  A kobold brigand (D:8)
  8 scorpions
  5 bullfrogs
  2 water moccasin zombies (D:4)
  6 wights
  Dowan (D:4)
  4 killer bees (D:8)
  3 orc priests
  A hound (D:6)
  A jelly (D:7)
  2 gnoll boudas
  A human zombie (D:4)
  3 sleepcaps
  Jessica (D:2)
  3 iguanas
  2 scorpion zombies (D:4)
  6 orc wizards
  A mummy (D:4)
  2 howler monkey zombies (D:4)
  19 gnolls
  Robin (D:2)
  7 adders
  2 shadow imps
  A white imp (D:4)
  An ufetubus (D:5)
  3 adder zombies (D:4)
  2 worms (D:2)
  3 dart slugs
  23 orcs
  11 ball pythons
  12 bats
  6 endoplasms
  8 giant cockroaches
  8 hobgoblins
  13 jackals
  4 quokkas
  3 frilled lizards
  17 goblins
  A hobgoblin zombie (D:4)
  8 kobolds
  A kobold zombie (D:4)
  5 rats
296 creatures vanquished.

Vanquished Creatures (collateral kills)
  3 blink frogs
  A yak (Lair:1)
4 creatures vanquished.

Vanquished Creatures (others)
  A cane toad (Lair:1)
  A blink frog (Lair:3)
  2 yaks (Lair:1)
  An adder (D:4)
  2 orcs (D:7)
  3 bushes (D:8)
  8 fungi
  36 plants
54 creatures vanquished.

Grand Total: 354 creatures vanquished

Notes
Turn   | Place    | Note
-------+----------+-------------------------------------------
     0 | D:1      | raph the Kobold Brigand began the quest for the Orb.
     0 | D:1      | Reached XP level 1. HP: 12/12 MP: 1/1
   205 | D:1      | Reached XP level 2. HP: 17/17 MP: 2/2
   326 | D:1      | Found a faded altar of an unknown god.
   512 | D:1      | Reached XP level 3. HP: 21/22 MP: 3/3
   846 | D:2      | Found a white marble altar of Elyvilon.
   965 | D:2      | Reached skill level 6 in Stealth
  1164 | D:2      | Noticed Jessica
  1168 | D:2      | Killed Jessica
  1169 | D:2      | Reached XP level 4. HP: 27/27 MP: 4/4
  1228 | D:2      | Noticed Robin
  1555 | D:2      | Reached XP level 5. HP: 32/32 MP: 5/5
  1863 | D:2      | Killed Robin
  1864 | D:2      | Reached skill level 7 in Stealth
  2787 | D:2      | Reached XP level 6. HP: 25/37 MP: 6/6
  3213 | D:3      | Identified the +4 falchion of the Dungeon {protect, rC+
                  | Str+2}
  3440 | D:3      | Noticed a sky beast
  3456 | D:3      | Killed a sky beast
  3457 | D:3      | Reached skill level 8 in Stealth
  3457 | D:3      | Reached XP level 7. HP: 37/42 MP: 7/7
  3478 | D:3      | Found a stormy altar of Qazlal.
  4046 | D:3      | Found an iron altar of Okawaru.
  4403 | D:4      | Learned a level 1 spell: Summon Small Mammal
  4623 | D:4      | Reached skill level 1 in Spellcasting
  4741 | D:4      | Found a shimmering altar of Xom.
  4840 | D:4      | Found a shadowy altar of Dithmenos.
  4849 | D:4      | Reached skill level 5 in Short Blades
  4849 | D:4      | Reached skill level 1 in Summonings
  4855 | D:4      | Became a worshipper of Dithmenos the Shadowed
  4906 | D:4      | Reached XP level 8. HP: 48/48 MP: 10/10
  4956 | D:4      | Reached skill level 9 in Stealth
  5135 | D:4      | Found an ancient bone altar of Kikubaaqudgha.
  5230 | D:4      | Noticed Duvessa
  5231 | D:4      | Noticed Dowan
  5234 | D:4      | Killed Duvessa
  5272 | D:4      | Killed Dowan
  5360 | D:4      | Found a glowing golden altar of the Shining One.
  5361 | D:4      | Found a shimmering blue altar of Sif Muna.
  5407 | D:4      | Reached * piety under Dithmenos
  5422 | D:4      | Reached skill level 5 in Fighting
  5422 | D:4      | Reached skill level 5 in Dodging
  5429 | D:4      | Reached skill level 10 in Stealth
  5464 | D:4      | Reached XP level 9. HP: 52/54 MP: 12/12
  5681 | D:5      | Entered Level 5 of the Dungeon
  5805 | D:5      | Identified the -2 pair of boots of Weightlessness {rN+++
                  | Regen+}
  5911 | D:5      | Found a staircase to the Ecumenical Temple.
  6124 | D:5      | Found a sparkling altar of Nemelex Xobeh.
  6355 | D:6      | Reached skill level 11 in Stealth
  6355 | D:6      | Reached skill level 1 in Invocations
  6504 | D:6      | Reached XP level 10. HP: 60/60 MP: 15/15
  6773 | D:6      | Reached ** piety under Dithmenos
  7037 | D:6      | Noticed Maggie
  7050 | D:6      | Killed Maggie
  7787 | D:7      | Noticed a cyclops
  7791 | D:7      | Killed a cyclops
  7972 | D:7      | Reached skill level 12 in Stealth
  8347 | D:7      | Learned a level 3 spell: Call Canine Familiar
  8928 | D:8      | Noticed a two-headed ogre
  9321 | D:8      | Reached XP level 11. HP: 66/66 MP: 17/17
  9410 | D:8      | Reached *** piety under Dithmenos
  9594 | D:8      | Found a staircase to the Lair.
  9627 | D:8      | Killed a two-headed ogre
  9628 | D:8      | Reached skill level 10 in Short Blades
  9628 | D:8      | Reached skill level 13 in Stealth
  9628 | D:8      | Reached skill level 5 in Summonings
  9740 | D:8      | Reached skill level 5 in Spellcasting
  9797 | D:8      | Identified a scroll of acquirement
  9797 | D:8      | Acquired the ring "Heduz" {rElec rF+ Int+4 Dex+3}
 10507 | Lair:1   | Entered Level 1 of the Lair of Beasts
 10507 | Lair:1   | Noticed an elephant
 10507 | Lair:1   | Noticed an elephant
 10509 | Lair:1   | Noticed an elephant
 10511 | Lair:1   | Noticed an elephant
 10511 | Lair:1   | Noticed an elephant
 10512 | Lair:1   | Killed an elephant
 10525 | Lair:1   | Killed an elephant
 10527 | Lair:1   | Noticed an elephant
 10551 | D:8      | Killed an elephant
 10578 | D:8      | Killed an elephant
 10584 | D:8      | Learned a level 3 spell: Summon Guardian Golem
 10647 | D:8      | Killed an elephant
 10660 | D:8      | Killed an elephant
 11234 | Lair:1   | Learned a level 3 spell: Confusing Touch
 11318 | Lair:1   | Reached XP level 12. HP: 37/72 MP: 13/20
 11323 | Lair:1   | Reached skill level 14 in Stealth
 11326 | Lair:1   | Reached **** piety under Dithmenos
 11327 | Lair:1   | Reached skill level 1 in Hexes
 11606 | Lair:1   | Noticed Grum
 11607 | Lair:1   | Killed Grum
 11631 | Lair:1   | Reached skill level 5 in Invocations
 12512 | Lair:2   | Found a staircase to the Snake Pit.
 12795 | Lair:2   | Noticed Sonja
 12823 | Lair:2   | Killed Sonja
 13550 | Lair:3   | Reached skill level 1 in Evocations
 13953 | Lair:3   | Found a gate leading to a gauntlet.
 13970 | Gauntlet | Entered a Gauntlet
 13970 | Gauntlet | Found a transporter.
 14004 | Gauntlet | Found a transporter.
 14012 | Gauntlet | Found a transporter.
 14018 | Gauntlet | Found a transporter.
 14040 | Gauntlet | Found a transporter.
 14049 | Gauntlet | Noticed a death drake
 14052 | Gauntlet | Found a transporter.
 14079 | Gauntlet | Found a transporter.
 14105 | Gauntlet | Noticed a wretched star
 14106 | Gauntlet | Found a transporter.
 14118 | Gauntlet | Found a transporter.
 14130 | Gauntlet | Found a transporter.
 14147 | Gauntlet | Noticed a green death
 14153 | Gauntlet | Found a transporter.
 14165 | Gauntlet | Found a transporter.
 14174 | Gauntlet | Found a transporter.
 14198 | Gauntlet | Found a transporter.
 14199 | Gauntlet | Noticed a fire crab
 14415 | Gauntlet | Found a transporter.
 14421 | Gauntlet | Found a transporter.
 14427 | Gauntlet | Found a transporter.
 14457 | Gauntlet | Found a transporter.
 14525 | Gauntlet | Killed from afar by a meliai

Illustrated notes

Levels and vault maps discovered:
D:1:      dpeg_arrival_central, layout_basic,
          shapermc_ecumenical_altar_starsandcircs, minmay_heptomino_l4
D:2:      layout_loops_cross, basic_altar, nrook_mini_backslash, uniq_robin,
          uniq_jessica
D:3:      layout_basic, mainiacjoe_overflow_brackets,
          nicolae_qazlal_beasts_of_the_sky
D:4:      minmay_chambers_of_threes, layout_rooms, xom_confusion_cloud,
          nicolae_dithmenos_through_a_glass_darkly,
          lemuel_mausoleum_altar_kikubaaqudgha,
          gammafunk_temple_overflow_statue, nicolae_ossuary_entry_giza,
          uniq_duvessa
D:5:      layout_rooms, nemelex_spade_bored_becter,
          minmay_temple_entry_overgrown, nicolae_titane
D:6:      black_bear_nest_2, layout_gridville, uniq_maggie
D:7:      layout_cave_pods
D:8:      layout_loops_ring, minmay_lair_entry_grove, kennysheep_potato
Lair:1:   hellmonk_ruined_rings, layout_regular_city, uniq_grum
Lair:2:   layout_hall_layers, minmay_snake_entry_guardpost_small,
          infiniplex_staircase_pool_2, uniq_sonja
Lair:3:   layout_regular_city, elwin_shoals_entry_rooms, gauntlet_entry_generic,
          serial_bayou_shore_b
Gauntlet: gammafunk_gauntlet_one_two_three [gammafunk_gauntlet_arena_split_x,
          nicolae_gauntlet_arena_grate_2, nicolae_gauntlet_arena_x,
          nicolae_gauntlet_swirl, gammafunk_gauntlet_arena_chambers,
          gammafunk_gauntlet_arena_crates, nicolae_gauntlet_arena_quarters,
          gammafunk_gauntlet_arena_hedges, gammafunk_gauntlet_arena_teeth,
          gauntlet_exit_hidden_loot]

Skill      XL: |  1  2  3  4  5  6  7  8  9 10 11 12 |
---------------+-------------------------------------+-----
Short Blades   | 3 4 5 6 8 9 11 12 | 12.1
Dodging        | 2 3 4 5 6 7 8 |  8.4
Stealth        | 6 7 8 10 11 12 13 14 | 14.8
Fighting       | 3 4 5 6 7 8 |  8.0
Spellcasting   | 1 2 3 4 5 6 |  6.2
Summonings     | 1 2 3 4 5 6 |  6.2
Invocations    | 1 3 4 5 |  5.7
Throwing       | 3 |  3.9
Hexes          | 3 |  3.6
Evocations     | 1 |  1.4

Action                     |  1- 3 |  4- 6 |  7- 9 | 10-12 || total
---------------------------+-------+-------+-------+-------++-------
  Melee: Dagger            |    80 |   139 |   289 |   640 ||  1148
         Punch             |     1 |       |     4 |    10 ||    15
  Throw: Dart              |     7 |    15 |    13 |    15 ||    50
         Throwing net      |       |       |       |     1 ||     1
   Cast: Summon Small Mamm |       |       |     5 |    19 ||    24
         Call Canine Famil |       |       |       |    16 ||    16
         Summon Guardian G |       |       |       |     3 ||     3
         Confusing Touch   |       |       |       |     8 ||     8
 Invoke: Shadow Step       |       |       |       |     1 ||     1
  Evoke: Wand              |       |       |       |     3 ||     3
    Use: Scroll            |       |     9 |     7 |    16 ||    32
         Potion            |       |       |     1 |     3 ||     4
   Stab: Sleeping          |    15 |    16 |    31 |    43 ||   105
         Distracted        |       |     1 |     2 |     5 ||     8
         Confused          |       |       |       |     5 ||     5
 Armour: Robe              |    12 |    34 |    56 |    15 ||   117
         Steam dragon scal |       |       |       |   110 ||   110
  Dodge: Dodged            |    57 |   138 |   179 |   554 ||   928
